 Dungeon Sprint DCSS version 0.27.1 (webtiles) character file.

Game seed: 7176339442095042443

93 styxcanada the Covert (level 4, -3/23 HPs)
             Began as a Spriggan Brigand on Aug 26, 2021.
             Was an Initiate of Gozag.
             Splashed by an oklob sapling priest's acid (13 damage)
             ... in the Dungeon (Sprint IV: "Fedhas' Mad Dash").
             The game lasted 00:01:41 (88 turns).

styxcanada the Covert (Spriggan Brigand)              Turns: 88, Time: 00:01:42

Health: -3/23      AC: -1    Str:  7    XL:     4   Next: 36%
Magic:  4/5        EV: 18    Int: 12    God:    Gozag
Gold:   44         SH:  0    Dex: 17    Spells: 3/3 levels left

rFire    . . .     SeeInvis +   a - +2 dagger
rCold    . . .     Faith    .   (shield restricted)
rNeg     . . .     Spirit   .   b - +0 robe
rPois    .         Reflect  .   (helmet restricted)
rElec    .         Harm     .   c - +0 cloak
rCorr    .         Rampage  .   (gloves unavailable)
Will     .....     NoTele   +   (boots unavailable)
Stlth    +++++.....             l - amulet of invisibility {+Inv}
HPRegen  0.07/turn              (no ring)
MPRegen  0.09/turn              (no ring)

@: corroded, very slightly contaminated, invisible (expiring), very quick
A: very small, no large weapons, unfitting armour, see invisible, speed 3
a: Renounce Religion, Evoke Invisibility, Potion Petition, Call Merchant, Bribe
Branch


You were in the Dungeon.
You worshipped Gozag.
Gozag was noncommittal.
You visited 1 branch You collected 44 gold pieces.

Inventory:

Hand Weapons
 a - a +2 dagger (weapon)
Missiles
 d - 6 poisoned darts
 e - 2 curare-tipped darts (quivered)
Armour
 b - a +0 robe (worn)
 c - a +0 cloak (worn)
Jewellery
 l - the amulet of invisibility (around neck) {+Inv}
   (You found it in the Dungeon)

   [amulet of nothing]

   +Inv:      It lets you turn invisible.
Scrolls
 k - a scroll of blinking
 m - 3 scrolls of brand weapon {unknown}
Potions
 f - a potion of curing
 g - a potion of heal wounds
 h - a potion of haste
 i - 2 potions of magic
 j - a potion of berserk rage
 n - a potion of might {unknown}


   Skills:
 * Level 2.9 Fighting
 + Level 2.8 Short Blades
 + Level 3.1 Throwing
 * Level 4.0 Dodging
 * Level 11.9 Stealth


You had 3 spell levels left.
You didn't know any spells.
Your spell library was empty.

Dungeon Overview and Level Annotations

Branches:
Dungeon (1/1)

Altars:
Cheibriados
Dithmenos
Elyvilon
Gozag
Hepliaklqana
Kikubaaqudgha
Makhleb
Nemelex Xobeh
Okawaru
Qazlal
Ru
Sif Muna
Trog
Uskayaw
Vehumet
Wu Jian
Xom
Yredelemnul
Zin
The Shining One
Beogh
Jiyva
Lugonu

Annotations:
D exclusion: oklob sapling


Innate Abilities, Weirdness & Mutations

You are very small and have problems with some larger weapons.
You are too small for most types of armour.
You have supernaturally acute eyesight. (SInv)
You cover ground extremely quickly. (Speed+++)


Message History

You are very lightly contaminated with residual magic.
You open the door.
Found ten altars.
Unknown command.
An oklob sapling priest comes into view.
Found three altars.
Marking area around an oklob sapling as unsafe for travelling.
There is an open door here.
Found three altars.
Found two altars.
Found three altars.
There is an opulent altar of Gozag here.
You kneel at the altar of Gozag.
Gozag welcomes you!
Gozag waives the service fee.
Found a corrupted altar of Lugonu and a radiant altar of Vehumet.
There is a hazy altar of Hepliaklqana here.
You hit the oklob sapling priest.
The oklob sapling priest is lightly damaged.
You hit the oklob sapling priest but do no damage.
The oklob sapling priest begins to cast a cantrip, but forgets the words!
You strike the helpless oklob sapling priest from behind!
You impale the oklob sapling priest!!
The oklob sapling priest is almost destroyed.
You hit the oklob sapling priest.
The oklob sapling priest is almost destroyed.
You flicker for a moment.
The oklob sapling priest spits acid at you.
The splash of acid misses you.
You hit the oklob sapling priest but do no damage.
The oklob sapling priest is almost destroyed.
You hit the oklob sapling priest but do no damage.
The oklob sapling priest is almost destroyed.
The oklob sapling priest spits acid at you.
The splash of acid hits you!
Ouch! That really hurt!
The acid corrodes you!
You are splashed with acid!
Ouch! That really hurt!
You die...
Your body crumbles into a pile of gold.

########################
....#.....#.⌠._._._._.⌠.
$
....'.#...'.._._@_._._..
$ $
....#.#...#..._._P_._...
########+##.._._._._._..
$ #._._._._._.⌠. $
$############## $ $ $$ $


You could see an oklob sapling priest.

Vanquished Creatures
  A scorpion (D)
  An oklob sapling (D)
  A river rat (D)
  A rat (D)
4 creatures vanquished.

Vanquished Creatures (others)
  A fungus (D)
1 creature vanquished.

Grand Total: 5 creatures vanquished

Notes
Turn   | Place    | Note
-------+----------+-------------------------------------------
     0 | D        | styxcanada the Spriggan Brigand began the quest for the
                  | Orb.
     0 | D        | Reached XP level 1. HP: 10/10 MP: 2/2
    22 | D        | Reached skill level 7 in Stealth
    22 | D        | Reached XP level 2. HP: 15/15 MP: 3/3
    23 | D        | Reached skill level 8 in Stealth
    44 | D        | Noticed an oklob sapling
    46 | D        | Killed an oklob sapling
    47 | D        | Reached skill level 9 in Stealth
    47 | D        | Reached XP level 3. HP: 19/19 MP: 4/4
    48 | D        | Noticed a scorpion
    48 | D        | Found the amulet of invisibility {+Inv}
    50 | D        | Killed a scorpion
    51 | D        | Reached skill level 11 in Stealth
    51 | D        | Reached XP level 4. HP: 23/23 MP: 5/5
    74 | D        | Found an opulent altar of Gozag.
    74 | D        | Found a hazy altar of Hepliaklqana.
    74 | D        | Found a burning altar of Makhleb.
    74 | D        | Found a sparkling altar of Nemelex Xobeh.
    74 | D        | Found a snail-covered altar of Cheibriados.
    74 | D        | Found a sacrificial altar of Ru.
    74 | D        | Found a shimmering blue altar of Sif Muna.
    74 | D        | Found a shimmering altar of Xom.
    74 | D        | Found a basalt altar of Yredelemnul.
    75 | D        | Found a viscous altar of Jiyva.
    75 | D        | Found a bloodstained altar of Trog.
    75 | D        | Found an ornate altar of the Wu Jian Council.
    76 | D        | Found an iron altar of Okawaru.
    76 | D        | Found a shadowy altar of Dithmenos.
    76 | D        | Found a glowing silver altar of Zin.
    77 | D        | Found an ancient bone altar of Kikubaaqudgha.
    77 | D        | Found a hide-covered altar of Uskayaw.
    78 | D        | Found a stormy altar of Qazlal.
    78 | D        | Found a white marble altar of Elyvilon.
    78 | D        | Found a glowing golden altar of the Shining One.
    79 | D        | Became a worshipper of Gozag Ym Sagoz the Greedy
    80 | D        | Found a corrupted altar of Lugonu.
    80 | D        | Found a radiant altar of Vehumet.
    88 | D        | Splashed by an oklob sapling priest's acid

Illustrated notes

Levels and vault maps discovered:
D:        dungeon_sprint_fedhas [sprint_temple]

Skill      XL: |  1  2  3 |
---------------+----------+-----
Dodging        | 2 3 4 |  4.0
Stealth        | 7 9 11 | 11.9
Fighting       | 2 |  2.9
Throwing       | 3 |  3.1
Short Blades   | |  2.8

Action                   |  1- 3 |  4- 6 || total
-------------------------+-------+-------++-------
Melee: Dagger            |     8 |     6 ||    14
Throw: Dart              |     9 |       ||     9
 Abil: Evoke Invisibilit |       |     1 ||     1
  Use: Scroll            |     1 |       ||     1
 Stab: Sleeping          |     2 |       ||     2
       Invisible         |       |     1 ||     1
Armor: Robe              |     1 |       ||     1
Dodge: Dodged            |     4 |     1 ||     5
